 Dungeon Crawl Stone Soup version 0.30-b1-2-g02819fbbbe (webtiles) character file.

Game seed: 6043290028156856266

21 Alarkh the Sneak (level 2, -1/24 HPs)
             Began as a Demonspawn Delver on May 23, 2023.
             Slain by Grinder (5 damage)
             ... while paralysed by Grinder
             ... on level 3 of the Dungeon.
             The game lasted 00:01:45 (374 turns).

Alarkh the Sneak (Demonspawn Delver)                 Turns: 374, Time: 00:01:46

Health: -1/24      AC:  5    Str: 12    XL:     2   Next: 65%
Magic:  2/2        EV:  2    Int: 11    God:
Gold:   23         SH:  0    Dex: 14    Spells: 1/1 levels left

rFire   . .          .
                       - Unarmed
rCold   . . .        (no shield)
rNeg    . . .        j - +0 ring mail
rPois   .            (no helmet)
rElec   .            (no cloak)
rCorr   .            (no gloves)
SInv    .            (no boots)
Will    .....        (no amulet)
Stlth   ++           (no ring)
HPRegen 0.24/turn    (no ring)
MPRegen 0.08/turn

%: no passive effects
@: paralysed, mighty, attractive, hasted
A: claws 1
a: no special abilities


You were on level 3 of the Dungeon.
You visited 1 branch of the dungeon, and saw 3 of its levels.

You collected 23 gold pieces.

Inventory:

Missiles
 g - 2 poisoned darts (quivered)
Armour
 j - a +0 ring mail (worn)
Magical Staves
 h - a staff of fire
Wands
 f - a wand of digging (3)
Scrolls
 b - a scroll of fog
 c - a scroll of magic mapping
 d - a scroll of fear


   Skills:
 - Level 3.0 Fighting
 - Level 1.7 Dodging
 - Level 4.5 Stealth
 + Level 3.0 Unarmed Combat


You had one spell level left.
You didn't know any spells.
Your spell library contained the following spells:

 Spells                   Type           Power      Damage    Failure   Level
 Freeze                   Ice            0%         1d3       63%         1
 Frozen Ramparts          Ice            0%         1d1       94%         3
 Hailstorm                Conj/Ice       0%         3d3       94%         3


Dungeon Overview and Level Annotations

Branches:
Dungeon (5/15)
 Temple: D:4-7

Altars:

Annotations:
D:3 Grinder


Innate Abilities, Weirdness & Mutations

You have sharp fingernails.


Message History

No target in view!
No target in view!
No target in view!
No target in view!
You see here a ball python corpse.
l - a sapphire potion Grinder comes into view.
Grinder shouts!
Grinder gestures at you. Pain shoots through your body!
Grinder gestures at you.
You struggle to resist.
Grinder blinks!
Grinder gestures at you.
You barely resist.
Grinder says, "My boss said I was rubbish.
His entrails said otherwise."
Okay, then.
As you read the scroll labelled HUVVEONLYESTRU, it crumbles to dust.
It is a scroll of identify.
a - a potion of curing Grinder hits you.
You writhe in agony.
It was a potion of might.
You feel very mighty all of a sudden. Grinder hits you.
You writhe in agony.
It was a potion of attraction.
You feel attractive to monsters. Grinder barely misses you.
You feel yourself speed up. Grinder closely misses you.
Sorry, you're not good enough to have a special ability.
Unknown command.
You feel better. Grinder hits you.
You writhe in agony.
You barely miss Grinder. Grinder gestures at you.
You suddenly lose the ability to move!
Grinder gestures at you.
You struggle to resist.
Grinder hits you!
* * * LOW HITPOINT WARNING * * *
You writhe in agony.
You die...

#.####..#..........#
#....#..#.###......#
#.##.#......#.)....#.
#.##.#......#........
#..#.#......#.....###
#######.#.#...............
#.....#.#.#......#.....### ##
#.......#.#.)##.##.....#
.#########...†.#@#.....##.....#
................5##.##.##.....#
.##...####...##...†....######.#
......# ######......### #.#
.##...# #......# #.# .##...#
#......# #.# .##.... #......###
#.# ###....# #........## #.#
#....# #......#..## ##.#


You could see Grinder.

Vanquished Creatures
  A gnoll (D:5)
  An orc (D:3)
  A bat (D:3)
  2 goblins (D:3)
  A hobgoblin (D:4)
  2 ball pythons
  A frilled lizard (D:3)
  A rat (D:3)
10 creatures vanquished.

Notes
Turn   | Place    | Note
-------+----------+-------------------------------------------
     0 | D:5      | Alarkh the Demonspawn Delver began the quest for the Orb.
     0 | D:5      | Reached XP level 1. HP: 18/18 MP: 1/1
     7 | D:5      | Noticed a lemure
     8 | D:5      | Noticed a lemure
     8 | D:5      | Noticed a lemure
    39 | D:5      | Gained mutation: You have sharp fingernails. [demonic
                  | ancestry]
    39 | D:5      | Reached XP level 2. HP: 19/24 MP: 2/2
   330 | D:3      | Noticed Grinder
   372 | D:3      | Paralysed by Grinder for 4 turns
   374 | D:3      | Slain by Grinder

Illustrated notes

Levels and vault maps discovered:
D:3:      layout_basic, uniq_crazy_yiuf_cottage, uniq_grinder
D:4:      layout_gridville, nicolae_wormholes
D:5:      layout_loops_corners, mainiacjoe_overflow_alcove_1,
          hellmonk_ghost_happy_afterlife, uniq_pikel

Skill      XL: |  1  2 |
---------------+-------+-----
Unarmed Combat | 2 3 |  3.0
Fighting       | |  3.0
Dodging        | |  1.7
Stealth        | |  4.5

Action                     || total
---------------------------++-------
  Melee: Unarmed           ||    31
         Punch             ||     1
  Throw: Dart              ||     2
    Use: Potion            ||     4
         Scroll            ||     1
 Armour: Ring mail         ||     7
         Leather armour    ||     1
  Dodge: Dodged            ||    24
